 Dungeon Crawl Stone Soup version 0.22.1-1-ga44c0e5 (console) character file.

6 bli the Magician (level 1, -2/10 HPs)
             Began as a Gargoyle Wanderer on Sept 28, 2018.
             Slain by a jackal (3 damage)
             ... on level 1 of the Dungeon.
             The game lasted 00:02:15 (237 turns).

bli the Magician (Gargoyle Wanderer)                 Turns: 237, Time: 00:02:16

Health: -2/10      AC:  4    Str: 13    XL:     1   Next: 90%
Magic:  4/4        EV: 11    Int: 13    God:
Gold:   13         SH:  0    Dex: 10    Spells: 6/6 levels left

rFire    . . .     SeeInvis .   e - +0 club
rCold    . . .     Gourm    .   (no shield)
rNeg     + . .     Faith    .   d - +0 robe
rPois    ∞         Spirit   .   (no helmet)
rElec    +         Reflect  .   (no cloak)
rCorr    .         Harm     .   (no gloves)
MR       .....                  (no boots)
Stlth    +.........             (no amulet)
HPRegen  0.03/turn              (no ring)
MPRegen  0.09/turn              (no ring)

@: no status effects
A: negative energy resistance 1, electricity resistance, unbreathing,
petrification resistance, rot immunity, AC +2
a: no special abilities


You were on level 1 of the Dungeon.
You were not hungry.

You visited 1 branch of the dungeon, and saw 1 of its levels.

You collected 13 gold pieces.

Inventory:

Hand Weapons
 e - a +0 club (weapon)
Armour
 d - a +0 robe (worn)
Wands
 a - a wand of flame (14)
Scrolls
 c - a scroll of teleportation
Comestibles
 f - a ration


   Skills:
 + Level 0.2 Maces & Flails
 + Level 3.2 Spellcasting
   Level 1.7 Charms
   Level 1.0 Necromancy
   Level 1.5 Air Magic
 + Level 2.0 Evocations


You had 6 spell levels left.
You didn't know any spells.
Your spell library contained the following spells:

 Spells                   Type           Power        Failure   Level  Hunger
 Summon Small Mammal      Summ           #...         22%         1    #......
 Summon Guardian Golem    Hex/Summ       #.......     56%         3    ###....


Dungeon Overview and Level Annotations

Branches:
Dungeon (1/15)

Altars:


Innate Abilities, Weirdness & Mutations

You are resistant to torment.
Your stone body is resilient. (AC +2)
You are immune to poison.
You resist negative energy. (rN+)
You are resistant to electric shocks. (rElec)
You can survive without breathing.
You are immune to petrification.
You are immune to rotting.


Message History

The jackal bites you but does no damage.
The jackal misses you.
Evoke which item? (* to show all) (? for menu, Esc to quit)
Okay, then.
You hit the jackal but do no damage.
The jackal is almost dead.
The jackal bites you but does no damage. x2
You completely miss the jackal.
The jackal is severely wounded.
The jackal barely misses you. The jackal bites you.
* * * LOW HITPOINT WARNING * * *
You barely miss the jackal.
The jackal is severely wounded.
The jackal barely misses you.
Evoke which item? (* to show all) (? for menu, Esc to quit)
Aiming: Throw Flame
Press: ? - help, Shift-Dir - straight line, f - jackal
Aim: a jackal (severely wounded)
The puff of flame misses the jackal. x2; The jackal bites you.
You die...

#Q#.#6#......#
###.####...^.#
#n#.#a##.....##
###.####......##
#x#.#T##)####..#
###.####.# ##.# .. ###
#V#.#d##.## #.# .. .#..
###.####..# #.##.##...#
#K#.#p###.# #.#.......#
###.### #.## #.#.......#
#e#.#9# #..# #@#........
####'### ##.# #h#.......#
#..#.######.###h........#
#....................##
####..###.##..##.....#
##.>##.....# ......#
##.....#..# .......
.##.##...........
.##.##.#.......#. .......
.#...## .# #.


You could see 2 jackals.

Vanquished Creatures
  3 jackals (D:1)
  A kobold (D:1)
  2 rats (D:1)
6 creatures vanquished.

Notes
Turn   | Place    | Note
-------+----------+-------------------------------------------
     0 | D:1      | bli the Gargoyle Wanderer began the quest for the Orb.
     0 | D:1      | bli set off with: a wand of flame (15), a scroll of
                  | teleportation, a +0 robe, a +0 club, a ration
     0 | D:1      | Reached XP level 1. HP: 10/10 MP: 4/4
     5 | D:1      | Noticed a merfolk
     5 | D:1      | Noticed a naga
     7 | D:1      | Noticed a demigod
     7 | D:1      | Noticed a minotaur
     9 | D:1      | Noticed a vine stalker
     9 | D:1      | Noticed a dwarf
    11 | D:1      | Noticed a felid
    11 | D:1      | Noticed an ogre
    13 | D:1      | Noticed a centaur
    13 | D:1      | Noticed a spriggan
    15 | D:1      | Noticed a halfling
    17 | D:1      | Noticed a tengu
    17 | D:1      | Noticed a demonspawn
    19 | D:1      | Noticed a ghoul
    19 | D:1      | Noticed a formicid
    21 | D:1      | Noticed an octopode
    21 | D:1      | Noticed a troll
    23 | D:1      | Noticed a vampire
    23 | D:1      | Noticed a draconian
    25 | D:1      | Noticed a human
    27 | D:1      | Noticed an elf
    27 | D:1      | Noticed a gargoyle
   237 | D:1      | Slain by a jackal

Skill      XL: |  1 |
---------------+----+-----
Evocations     | 2 |  2.0
Maces & Flails | |  0.2
Spellcasting   | |  3.2
Charms         | |  1.7
Necromancy     | |  1.0
Air Magic      | |  1.5

Action                   || total
-------------------------++-------
Melee: Club              ||    50
Evoke: Wand              ||     1
Armor: Robe              ||    26
Dodge: Dodged            ||    51
